 Dungeon Crawl Stone Soup version 0.29.1-13-g9f3cf754e1 (webtiles) character file.

Game seed: 549511204462139236

13 tizbic2 the Ruffian (level 2, 22/25 HPs)
             Began as a Naga Transmuter on Feb 10, 2023.
             Was a High Priest of Ignis.
             Quit the game on level 1 of the Dungeon on Feb 11, 2023.
             The game lasted 00:03:13 (694 turns).

tizbic2 the Ruffian (Naga Transmuter)                Turns: 694, Time: 00:03:14

Health: 22/25      AC:  2    Str: 12    XL:     2   Next: 37%
Magic:  5/5        EV:  9    Int: 13    God:    Ignis [*****.]
Gold:   50         SH:  0    Dex: 11    Spells: 4/5 levels left

rFire   + . .      SeeInvis +   j - +0 hand axe
rCold   . . .      Faith    .   (no shield)
rNeg    . . .      Spirit   .   g - +0 leather armour
rPois   +          Reflect  .   (no helmet)
rElec   .          Harm     .   (no cloak)
rCorr   .          Rampage  .   (no gloves)
Will    .....                   (no barding)
Stlth   +.........              (no amulet)
HPRegen 0.08/turn               (no ring)
MPRegen 0.09/turn               (no ring)

@: very slow
A: AC +0, large, see invisible, deformed body, poison resistance, slowness 2,
spit poison 1, naga tail 1
a: Spit Poison, Renounce Religion, Fiery Armour, Foxfire Swarm, Rising Flame


You were on level 1 of the Dungeon.
You worshipped Ignis.
Ignis was extremely pleased with you.
You visited 1 branch of the dungeon, and saw 1 of its levels.

You collected 50 gold pieces.

Inventory:

Hand Weapons
 i - a +0 flail
 j - a +0 hand axe (weapon)
Armour
 a - a +0 robe
 d - a +0 chain mail
 e - a +0 ring mail
 g - a +0 leather armour (worn)
Scrolls
 f - a scroll of amnesia {unknown}
Potions
 b - a potion of lignification
 c - a potion of heal wounds {unknown}
 h - a potion of brilliance {unknown}


   Skills:
 + Level 1.3 Fighting
 + Level 1.7 Dodging
 * Level 3.2 Unarmed Combat
 + Level 2.1 Spellcasting
 + Level 2.1 Transmutations


You had 4 spell levels left.
You knew the following spells:

 Your Spells              Type           Power      Damage    Failure   Level
a - Beastly Appendage     Tmut           14%        N/A       13%         1

Your spell library contained the following spells:

 Spells                   Type           Power      Damage    Failure   Level
 Wereblood                Tmut           7%         N/A       21%         2
 Spider Form              Tmut/Pois      4%         N/A       52%         3
 Ice Form                 Ice/Tmut       4%         N/A       90%         4


Dungeon Overview and Level Annotations

Branches:
Dungeon (1/15)

Altars:
Ignis


Innate Abilities, Weirdness & Mutations

Your serpentine skin is tough. (AC +0)
You have supernaturally acute eyesight. (SInv)
Armour fits poorly on your strangely shaped body.
Your system is resistant to poisons. (rPois)
You cover ground very slowly.
You can spit poison.
You have a snake-like lower body.


Message History

j - a +0 hand axe (weapon)
You drop a +0 dagger.
A giant cockroach comes into view.
The giant cockroach bites you but does no damage.
The giant cockroach barely misses you.
You hit the giant cockroach.
The giant cockroach is almost dead.
The giant cockroach barely misses you.
The giant cockroach bites you but does no damage.
You hit the giant cockroach.
You kill the giant cockroach!
You see here a giant cockroach corpse.
You see here a +0 flail.
i - a +0 flail You see here a giant cockroach corpse.
You see here a +0 dagger.
A hobgoblin comes into view.
Found a faded altar of an unknown god.
The hobgoblin shouts!
You enter the shallow water.
Moving in this stuff is going to be slow.
The hobgoblin hits you. x2
You closely miss the hobgoblin. The hobgoblin hits you.
You barely miss the hobgoblin. The hobgoblin barely misses you.
You barely miss the hobgoblin. The hobgoblin closely misses you. x2
You hit the hobgoblin.
You kill the hobgoblin!
You see here a hobgoblin corpse.
You enter the shallow water.
Moving in this stuff is going to be slow.
Why would you want to do that? Why would you want to do that?
There is a faded altar of an unknown god here.
You cannot tell which god this altar belongs to.
Convert to them anyway?
Ignis accepts your prayer! Ignis welcomes you!
You enter the shallow water.
Moving in this stuff is going to be slow.
You see here a stone.
Are you sure you want to abandon this character and quit the game? (Confirm with "yes".)

.###...........##.#..# #.#.#
...............##.#..# #.#.#
......###.#..####.#.>########.#..
####..# #.#.).................###
......###......##.#.#.######### #
.###.###.....#.##.#.#.# # .#
#.............(....###########
.#######...#.#...................
..#######.##.###@.###############
...........#..~~.~..~~~.~# #
..#######..#.~~~(.~~.†.~~# # ###
####..#~.~~~≈~~~≈~..# #
#......~≈≈~≈~~~~~≈.~# #
#.##..#.~~≈≈≈≈≈~≈~.~# #
#.##...~.≈≈≈~~.~≈~..#
#.##..#.~≈≈≈~_.~≈≈.~#
##)##..#.≈≈≈≈♣.~≈~~~.#


There were no monsters in sight!

Vanquished Creatures
  An endoplasm (D:1)
  A giant cockroach (D:1)
  2 goblins (D:1)
  A hobgoblin (D:1)
  3 jackals (D:1)
  2 ball pythons (D:1)
  A bat (D:1)
11 creatures vanquished.

Notes
Turn   | Place    | Note
-------+----------+-------------------------------------------
     0 | D:1      | tizbic2 the Naga Transmuter began the quest for the Orb.
     0 | D:1      | Reached XP level 1. HP: 18/18 MP: 3/3
   257 | D:1      | Reached XP level 2. HP: 24/25 MP: 5/5
   666 | D:1      | Found a faded altar of an unknown god.
   680 | D:1      | Prayed at the altar of an unknown god.
   680 | D:1      | Became a worshipper of Ignis, the Dying Flame
   694 | D:1      | Quit the game

Illustrated notes

Levels and vault maps discovered:
D:1:      dpeg_arrival_rooms_with_view, layout_loops_ring,
          chequers_ecumenical_altar_island

Action                   || total
-------------------------++-------
Melee: Unarmed           ||    18
       Headbutt          ||     2
       Hand axe          ||     6
 Cast: Beastly Appendage ||     3
 Abil: Spit Poison       ||     7
Armor: Robe              ||     2
       Chain mail        ||     1
       Leather armour    ||     5
       Ring mail         ||     2
Dodge: Dodged            ||    11
